 Dungeon Crawl Stone Soup version 0.17-a0-1115-g0372368 (webtiles) character file.

750 Ruokin the Shield-Bearer (level 7, 0/44 HPs)
             Began as a Gargoyle Fighter on May 23, 2015.
             Was a Follower of Dithmenos.
             Killed by nerve-wracking pain
             ... invoked by an orc priest
              (6 damage)
             ... on level 4 of the Dungeon.
             The game lasted 00:15:06 (3356 turns).

Ruokin the Shield-Bearer (Gargoyle Fighter)         Turns: 3356, Time: 00:15:06

Health: 0/44       AC: 15    Str: 21    XL:     7   Next: 78%
Magic:  7/7        EV:  6    Int:  9    God:    Dithmenos [*.....]
Gold:   267        SH: 10    Dex:  9    Spells: 0 memorised, 6 levels left

rFire  . . .     SeeInvis .     a - +0 flail
rCold  . . .     Clarity  .     h - +0 chain mail
rNeg   + . .     SustAt   .     c - +0 shield
rPois  ∞         Gourm    .     (no helmet)
rElec  +         Spirit   .     x - +0 cloak
rCorr  .         Warding  .     (no gloves)
rMut   .         Stasis   .     (no boots)
MR     .....                    (no amulet)
Stlth  ..........               (no ring)
                                (no ring)

@: wreathed by umbra, not resistant to hostile enchantments, extremely
unstealthy
A: negative energy resistance 1, electricity resistance, unbreathing,
petrification resistance, rot immunity, AC +4
a: Renounce Religion


You were on level 4 of the Dungeon.
You worshipped Dithmenos.
Dithmenos was aware of your devotion.
You were not hungry.

You visited 1 branch of the dungeon, and saw 4 of its levels.

You collected 267 gold pieces.

Inventory:

Hand weapons
 a - a +0 flail (weapon)
 s - a +2 dagger of draining
 w - a +4 quarterstaff of chaos
 y - a +0 hammer
 C - a +1 war axe of flaming
 D - a +1 dagger of draining
 N - a +0 blowgun
Armour
 b - a +0 scale mail
 c - a +0 shield (worn)
 h - a +0 chain mail (worn)
 k - a +0 ring mail
 x - a +0 cloak (worn)
 J - a cursed -1 robe
Jewellery
 H - an uncursed ring of fire {unknown}
Magical devices
 u - a wand of digging (7)
 E - a wand of slowing (41)
Scrolls
 f - 2 scrolls of remove curse
 l - a scroll of enchant weapon {unknown}
 o - 4 scrolls of identify
 t - a scroll of noise {unknown}
 I - a scroll of teleportation {unknown}
 K - a scroll of immolation {unknown}
 M - a scroll of amnesia {unknown}
Potions
 d - 2 potions of might
 i - a potion of agility {unknown}
 j - a potion of resistance {unknown}
 n - a potion of ambrosia {unknown}
 p - 5 potions of curing {unknown}
 v - a potion of flight {unknown}
 z - a potion of beneficial mutation {unknown}
 A - a potion of poison {unknown}
 F - 2 potions of berserk rage {unknown}
 G - a potion of lignification {unknown}
 L - a potion of brilliance {unknown}
Comestibles
 e - a bread ration
 m - 2 meat rations
 q - a slice of pizza
 B - 2 beef jerkies


   Skills:
 + Level 5.0 Fighting
 + Level 4.1 Maces & Flails
 + Level 5.0 Armour
 + Level 2.2 Dodging
 - Level 0.8 Stealth
 + Level 6.0 Shields


You had 6 spell levels left.
You didn't know any spells.

Dungeon Overview and Level Annotations

Branches:
Dungeon (4/15)
 Temple: D:4-7

Altars:
Cheibriados
Dithmenos

Shops:
D:4 (


Innate Abilities, Weirdness & Mutations

You are resistant to torment.
Your stone body is resilient (AC +4).
You are immune to poison.
You resist negative energy.
You are resistant to electric shocks.
You can survive without breathing.
You are immune to petrification.
You are immune to rotting.


Message History

The orc wizard hits you but does no damage.
There is an open door here.
You see here 2 stones.
You hit the orc wizard but do no damage.
The orc throws a stone.
The stone hits you but does no damage.
The orc wizard hits you but does no damage.
The orc throws a stone.
The stone hits you.
The orc priest mumbles some strange prayers to Beogh against you.
Something smites you!
* * * LOW HITPOINT WARNING * * *
You barely miss the orc wizard. You block the orc wizard's attack.
The orc wizard gestures at you while chanting.
You resist with some effort.
The orc throws a stone.
The stone hits you but does no damage.
The orc priest's eyes start to glow.
There is an open door here.
You see here a stone.
The orc priest mumbles some strange prayers to Beogh against you.
Pain shoots through your body!
You die...

.'....'...+.....# #.....#
.##...#...#.....####.....#
.##...#...##+##..........#
......#...o...#..........#
......#.......+..........#
+###.####'###.#..........#
...#.####.###+##+######'##
...#........'...........#
...'....o...#.(.@.......#
...#..###)###.o##..###..#
#######.(o.##..##..###'##
# #....#..o(.o.#....# #
#....(oo.#...'....# #
#..(.############## #
######


You could see an orc priest and an orc wizard.

Vanquished Creatures
  2 ogres (D:4)
  A scorpion (D:4)
  Crazy Yiuf (D:2)
  3 orc priests (D:3)
  2 hounds
  Jessica (D:2)
  Terence (D:2)
  6 orc wizards
  6 adders
  2 worms
  3 giant geckos
  16 orcs
  A ball python (D:1)
  A giant cockroach (D:3)
  6 goblins
  9 hobgoblins
  3 jackals (D:2)
  A quokka (D:4)
  11 bats
  6 giant newts
  7 kobolds
  6 rats
  2 fungi (D:1)
97 creatures vanquished.

Vanquished Creatures (others)
  A fungus (D:1)
1 creature vanquished.

Grand Total: 98 creatures vanquished

Notes
Turn   | Place    | Note
--------------------------------------------------------------
     0 | D:1      | Ruokin the Gargoyle Fighter began the quest for the Orb.
     0 | D:1      | Reached XP level 1. HP: 14/14 MP: 1/1
   163 | D:1      | Reached XP level 2. HP: 19/19 MP: 2/2
   793 | D:2      | Reached XP level 3. HP: 22/24 MP: 3/3
   872 | D:2      | Noticed Terence
   881 | D:2      | Killed Terence
   926 | D:2      | Noticed Crazy Yiuf
   938 | D:2      | Killed Crazy Yiuf
   938 | D:2      | Reached skill level 4 in Armour
   938 | D:2      | Reached XP level 4. HP: 4/29 MP: 4/4
  1553 | D:2      | Noticed Jessica
  1560 | D:2      | Killed Jessica
  1560 | D:2      | Reached skill level 1 in Dodging
  1560 | D:2      | Reached XP level 5. HP: 22/33 MP: 5/5
  2011 | D:3      | Reached XP level 6. HP: 38/38 MP: 6/6
  2201 | D:3      | Found a shadowy altar of Dithmenos.
  2204 | D:3      | Became a worshipper of Dithmenos the Shadowed
  2382 | D:3      | Reached skill level 5 in Shields
  2640 | D:4      | Found Ychelex's Antique Weapon Shoppe.
  2659 | D:4      | Reached XP level 7. HP: 33/44 MP: 7/7
  2772 | D:4      | Found a snail-covered altar of Cheibriados.
  3232 | D:4      | Reached skill level 5 in Armour
  3273 | D:4      | Reached skill level 5 in Fighting
  3273 | D:4      | Reached skill level 6 in Shields
  3356 | D:4      | Killed from afar by an orc priest

Vault maps used:
D:1:      tarquinn_simple_flora_water_a, minmay_gold_behind_fungi,
          corexii_leaking_fountain
D:2:      uniq_crazy_yiuf_cottage, uniq_jessica, uniq_terence
D:3:      minmay_liquid_box, grunt_ministairs_3,
          grunt_dithmenos_smoke_and_mirrors
D:4:      cheibriados_altar_1, first_bread, serial_shops,
          nicolae_shop_behind_doors

Action                   |  1- 3 |  4- 6 |  7- 9 || total
-------------------------+-------+-------+-------++-------
Melee: Flail             |   121 |   234 |    68 ||   423
  Use: Potion            |       |     2 |     2 ||     4
       Scroll            |       |     2 |     1 ||     3
  Eat: Meat ration       |       |     1 |     1 ||     2
       Pizza             |       |       |     1 ||     1
